 Dungeon Crawl Stone Soup version 0.24.0-123-gd5b16e6ec5 (webtiles) character file.

Game seed: 29646558182717683, levelgen mode: deterministic

1099 Gartch the Transmogrifier (level 8, -8/57 HPs)
             Began as a Merfolk Transmuter on Jan 13, 2020.
             Was an Initiate of Okawaru.
             Mangled by an ice beast (14 damage)
             ... on level 5 of the Dungeon.
             The game lasted 00:56:22 (9988 turns).

Gartch the Transmogrifier (Merfolk Transmuter)      Turns: 9988, Time: 00:56:23

Health: -8/57      AC:  2    Str: 10    XL:     8   Next: 32%
Magic:  3/11       EV: 13    Int: 15    God:    Okawaru [......]
Gold:   354        SH:  0    Dex: 14    Spells: 1/11 levels left

rFire    . . .     SeeInvis .     - Unarmed
rCold    . . .     Gourm    .   (no shield)
rNeg     . . .     Faith    .   b - +0 robe
rPois    .         Spirit   .   (no helmet)
rElec    .         Reflect  .   (no cloak)
rCorr    .         Harm     .   (no gloves)
MR       .....                  (no boots)
Stlth    +.........             (no amulet)
HPRegen  0.19/turn              (no ring)
MPRegen  0.12/turn              (no ring)

@: appendage
A: change form in water, swift swim, stealthy swim, horns 2
a: End Transformation, Renounce Religion


You were on level 5 of the Dungeon.
You worshipped Okawaru.
Okawaru was noncommittal.
You were very hungry.
You had grown temporary horns.
You visited 1 branch of the dungeon, and saw 5 of its levels.

You collected 354 gold pieces.

Inventory:

Hand Weapons
 j - a +0 hunting sling
Missiles
 a - 44 arrows
 g - 325 stones
 o - 45 sling bullets
 v - 6 boomerangs (quivered)
Armour
 b - a +0 robe (worn)
 h - a +0 pair of boots
 k - a +0 cloak
 p - a +0 shield
 B - the +0 robe of the Undertaker {rElec Int+2 Dex-5 Stlth+}
   (You took it off an orc on level 5 of the Dungeon)

   It affects your intelligence (+2).
   It affects your dexterity (-5).
   It insulates you from electricity.
   It makes you more stealthy.
Jewellery
 x - a +5 ring of intelligence {unknown}
Wands
 r - a wand of digging (4)
Scrolls
 c - a scroll of amnesia
 d - 3 scrolls of fear
 e - a scroll of random uselessness {unknown}
 f - 2 scrolls of fog {unknown}
 l - a scroll of blinking {unknown}
 n - 2 scrolls of remove curse {unknown}
 s - a scroll of identify
 u - a scroll of teleportation {unknown}
 y - a scroll of enchant weapon {unknown}
 A - a scroll of magic mapping {unknown}
Potions
 i - 2 potions of brilliance
 m - 2 potions of lignification
 q - a potion of flight
 t - a potion of agility
Comestibles
 w - 2 rations
 z - 5 chunks of flesh


   Skills:
 - Level 2.4 Fighting
 - Level 3.2 Dodging
 - Level 6.5 Unarmed Combat
 - Level 2.0 Spellcasting
 - Level 9.1 Transmutations
 + Level 1.5 Ice Magic
 - Level 3.1 Poison Magic


You had one spell level left.
You knew the following spells:

 Your Spells              Type           Power        Failure   Level  Hunger
a - Beastly Appendage     Tmut           ####..       1%          1    #......
b - Sticks to Snakes      Tmut           ####....     1%          2    ###....
c - Spider Form           Tmut/Pois      ###.......   5%          3    ###....
d - Ice Form              Ice/Tmut       ###.....     24%         4    #####..

Your spell library contained the following spells:

 Spells                   Type           Power        Failure   Level  Hunger
 Blade Hands              Tmut           ####......   14%         5    ######.
 Mephitic Cloud           Conj/Pois/Air  #.......     41%         3    ###....
 Olgreb's Toxic Radiance  Pois           ##......     52%         4    #####..


Dungeon Overview and Level Annotations

Branches:
Dungeon (5/15)             Temple (0/1) D:5

Altars:
Kikubaaqudgha
Nemelex Xobeh
Okawaru
Trog
Uskayaw

Shops:
D:5 *

Annotations:
D:4 exclusion: downstairs


Innate Abilities, Weirdness & Mutations

You revert to your normal form in water.
You are very nimble and swift while swimming.
You are very stealthy in the water. (Stealth+)
You have a pair of horns on your head.


Message History

Your ball python bites the ice beast but does no damage.
Your ball python bites the ice beast.
The ice beast closely misses you.
Casting: Sticks to Snakes (safe; 1% risk of failure)
Confirm with . or Enter, or press ? or * to list all spells.
You grow a pair of large bovine horns.
Your ball python completely misses the ice beast.
Your ball python bites the ice beast but does no damage.
The ice beast barely misses you.
Your ball python bites the ice beast but does no damage. x2
You hit the ice beast but do no damage.
The ice beast is moderately wounded.
The ice beast hits you. The ice beast freezes you!
* * * LOW HITPOINT WARNING * * *
Your ball python bites the ice beast but does no damage. x2
You hit the ice beast.
The ice beast is moderately wounded.
The ice beast hits you.
* * * LOW HITPOINT WARNING * * *
The ice beast freezes you!
You die...

#.####.# #.###.# #†# #.#
###.###S########### #[# #)#
#..>..SS.).....†.). #.# #<#
##..############### #.# ###
#..# #.# #..# #.# #..# #.#
#####..# #.#
#....@S###############
##.#####.####YS..............
#......#..<....##############
#####.########.# #........#)#
########.#.# #.#.# #...#
#####


You could see an ice beast and 2 friendly ball pythons.

Vanquished Creatures
  A sky beast (D:5)
  5 big kobolds (D:3)
  A bullfrog (D:5)
  A howler monkey (D:5)
  A bullfrog zombie (D:5)
  2 jellies
  2 iguanas (D:3)
  3 orc wizards
  A worker ant (D:4)
  Robin (D:4)
  2 gnolls
  11 adders
  2 oozes
  An adder skeleton (D:4)
  4 worms
  2 dart slugs
  2 leopard geckos
  8 orcs
  4 bats
  3 bat zombies (D:4)
  5 giant cockroaches
  16 goblins
  12 hobgoblins
  3 jackals (D:3)
  4 quokkas
  A ball python (D:4)
  7 frilled lizards
  A jackal skeleton (D:5)
  44 kobolds
  7 rats
  A rat zombie (D:4)
158 creatures vanquished.

Notes
Turn   | Place    | Note
-------+----------+-------------------------------------------
     0 | D:1      | Gartch the Merfolk Transmuter began the quest for the Orb.
     0 | D:1      | Reached XP level 1. HP: 15/15 MP: 3/3
   653 | D:1      | Reached XP level 2. HP: 21/21 MP: 3/5
  1591 | D:1      | Reached XP level 3. HP: 25/26 MP: 6/6
  1666 | D:1      | Learned a level 2 spell: Sticks to Snakes
  2354 | D:2      | Reached skill level 5 in Unarmed Combat
  2652 | D:2      | Reached skill level 3 in Transmutations
  2652 | D:2      | Reached XP level 4. HP: 27/32 MP: 5/7
  2897 | D:2      | Found a sparkling altar of Nemelex Xobeh.
  3210 | D:2      | Learned a level 3 spell: Spider Form
  4062 | D:3      | Reached skill level 4 in Transmutations
  4446 | D:3      | Found a hide-covered altar of Uskayaw.
  4747 | D:3      | Reached XP level 5. HP: 31/37 MP: 6/8
  5503 | D:3      | Reached skill level 1 in Poison Magic
  5795 | D:3      | Noticed a big kobold
  5854 | D:3      | Killed a big kobold
  5854 | D:3      | Reached XP level 6. HP: 31/44 MP: 7/9
  6136 | D:3      | Reached skill level 5 in Transmutations
  6250 | D:3      | Reached skill level 6 in Transmutations
  6568 | D:3      | Reached XP level 7. HP: 9/49 MP: 10/10
  8173 | D:4      | Learned a level 4 spell: Ice Form
  8300 | D:4      | Reached skill level 7 in Transmutations
  8783 | D:4      | Noticed Robin
  8803 | D:4      | Killed Robin
  8909 | D:4      | Found an ancient bone altar of Kikubaaqudgha.
  8956 | D:3      | Found an iron altar of Okawaru.
  8956 | D:3      | Found a bloodstained altar of Trog.
  8966 | D:3      | Became a worshipper of Warmaster Okawaru
  8996 | D:5      | Entered Level 5 of the Dungeon
  9039 | D:5      | Identified Sif Muna's Compendium of Venom
  9074 | D:5      | Found Nifiy's Assorted Antiques.
  9240 | D:5      | Reached XP level 8. HP: 52/57 MP: 11/11
  9310 | D:5      | Reached skill level 8 in Transmutations
  9587 | D:5      | Reached skill level 9 in Transmutations
  9710 | D:5      | Found a staircase to the Ecumenical Temple.
  9809 | D:5      | Identified the +0 robe of the Undertaker {rElec Int+2 Dex-5
                  | Stlth+}
  9863 | D:5      | Reached skill level 1 in Ice Magic
  9988 | D:5      | Mangled by an ice beast

Levels and vault maps discovered:
D:1:      sevenhm_arrival_forest_fort_large_4, layout_basic,
          hangedman_decor_diamond_cutter
D:2:      layout_basic, overflow_temple_1_default
D:3:      minmay_goblin_kobold_castle, layout_basic,
          eat_drink_and_be_merry_uskayaw, nicolae_overflow_hidden_temple,
          kennysheep_generic_room_15
D:4:      layout_cave_pools, lemuel_zombie_altar_kikubaaqudgha, uniq_robin
D:5:      layout_basic, minmay_temple_entry_stoned_glass, first_ration,
          serial_shops, nicolae_shop_crystal

Skill      XL: |  1  2  3  4  5  6  7  8 |
---------------+-------------------------+-----
Unarmed Combat | 4 5 6 |  6.5
Transmutations | 3 4 6 7 9 |  9.1
Dodging        | 3 |  3.2
Poison Magic   | 3 |  3.1
Fighting       | 2 |  2.4
Ice Magic      | 1 |  1.5
Spellcasting   | |  2.0

Action                   |  1- 3 |  4- 6 |  7- 9 || total
-------------------------+-------+-------+-------++-------
Melee: Unarmed           |    87 |   299 |   199 ||   585
       Headbutt          |     5 |    36 |    22 ||    63
       Punch             |       |     3 |     7 ||    10
       Tailslap          |       |     8 |     1 ||     9
Throw: Stone             |    34 |    51 |    30 ||   115
       Boomerang         |       |       |     4 ||     4
 Cast: Beastly Appendage |    22 |    47 |    25 ||    94
       Sticks to Snakes  |       |       |     7 ||     7
       Spider Form       |       |       |     4 ||     4
  Use: Scroll            |     2 |     2 |     3 ||     7
       Potion            |       |       |     1 ||     1
 Stab: Sleeping          |     1 |     1 |       ||     2
  Eat: Chunk             |     4 |    10 |     6 ||    20
       Ration            |     1 |     1 |     1 ||     3
Armor: Robe              |     6 |    20 |    15 ||    41
       Skin              |       |       |     2 ||     2
Dodge: Dodged            |    44 |   154 |   106 ||   304
